 Dungeon Crawl Stone Soup version 0.27-a0-972-gd1521fd518 (webtiles) character file.

Game seed: 12882392411876946413

13 Alarkh the Insei (level 2, -1/21 HPs)
             Began as a Demonspawn Transmuter on Apr 13, 2021.
             Slain by a giant cockroach (2 damage)
             ... on level 1 of the Dungeon.
             The game lasted 00:00:23 (111 turns).

Alarkh the Insei (Demonspawn Transmuter)             Turns: 111, Time: 00:00:24

Health: -1/21      AC:  2    Str: 10    XL:     2   Next: 24%
Magic:  3/5        EV: 12    Int: 14    God:
Gold:   0          SH:  0    Dex: 13    Spells: 4/5 levels left

rFire    . . .     SeeInvis .     - Unarmed
rCold    . . .     Faith    .   (no shield)
rNeg     . . .     Spirit   .   a - +0 robe
rPois    .         Reflect  .   (helmet currently unavailable)
rElec    .         Harm     .   (no cloak)
rCorr    .         Rampage  .   (no gloves)
Will     .....                  (boots currently unavailable)
Stlth    +.........             (no amulet)
HPRegen  0.07/turn              (no ring)
MPRegen  0.09/turn              (no ring)

@: appendages
A: talons 2, horns 1
a: End Transformation


You were on level 1 of the Dungeon.
You had temporarily grown beastly talons.
You visited 1 branch of the dungeon, and saw 1 of its levels.

Inventory:

Armour
 a - a +0 robe (worn)


   Skills:
 + Level 1.3 Fighting
 - Level 1.7 Dodging
 * Level 3.0 Unarmed Combat
 + Level 2.1 Spellcasting
 + Level 2.0 Transmutations


You had 4 spell levels left.
You knew the following spells:

 Your Spells              Type           Power      Damage    Failure   Level
a - Beastly Appendage     Tmut           14%        N/A       11%         1

Your spell library contained the following spells:

 Spells                   Type           Power      Damage    Failure   Level
 Wereblood                Tmut           7%         N/A       16%         2
 Spider Form              Tmut/Pois      2%         N/A       43%         3
 Ice Form                 Ice/Tmut       4%         N/A       83%         4
 Hydra Form               Tmut           3%         N/A       96%         5


Dungeon Overview and Level Annotations

Branches:
Dungeon (1/15)

Altars:


Innate Abilities, Weirdness & Mutations

You have temporarily grown beastly talons.
You have a pair of small horns on your head.


Message History

You miss the jackal. You punch the jackal, but do no damage.
The jackal closely misses you. The giant cockroach closely misses you.
You hit the jackal. Your kick misses the jackal.
The jackal is heavily wounded.
The jackal bites you but does no damage.
The giant cockroach bites you but does no damage.
The jackal bites you.
* * * LOW HITPOINT WARNING * * *
You closely miss the jackal.
The jackal is heavily wounded.
The jackal barely misses you. The giant cockroach barely misses you.
You closely miss the jackal. You claw the jackal.
You kill the jackal!
The giant cockroach bites you.
* * * LOW HITPOINT WARNING * * *
You aren't carrying any potions.
You completely miss the giant cockroach.
Your transformation is almost over.
The giant cockroach closely misses you.
You hit the giant cockroach but do no damage.
Your kick misses the giant cockroach.
The giant cockroach bites you but does no damage.
Casting: Beastly Appendage (safe; 11% risk of failure)
Confirm with . or Enter, or press ? or * to list all spells.
You extend your transformation's duration.
The giant cockroach closely misses you. The giant cockroach misses you.
Unknown command.
You barely miss the giant cockroach. Your kick misses the giant cockroach.
You headbutt the giant cockroach.
The giant cockroach is almost dead.
The giant cockroach misses you.
Casting: Beastly Appendage (safe; 11% risk of failure)
Confirm with . or Enter, or press ? or * to list all spells.
You extend your transformation's duration.
The giant cockroach completely misses you.
Unknown command.
You closely miss the giant cockroach.
The giant cockroach is almost dead.
The giant cockroach bites you.
You die...

.......... (........ .........
## ...... ####### ♣≈ #######
..... ##....... 8####8....#≈.#
#.#.#####....... ....'.....#≈.#
#b#..>........# '#8##8...8#≈.#
#B#...†.......# '######'###≈.#
#@#hh...†.....# ...♣♣##.#≈#≈.#
#.#.#####....?#
....≈♣#.8♣♣≈.#.#.........#.....#
.....#8.#≈#≈.#...........#.....#
♣≈...##.###≈.###................
8♣...++..''....#.#'##..........#
♣≈...##.###≈.#.#.#.##..........#
.....#8.#≈#≈.#.#.#.##..........#
....≈♣#.8 ♣≈..................>


You could see a giant cockroach and a bat.

Vanquished Creatures
  An adder zombie (D:1)
  6 jackals (D:1)
  A ball python zombie (D:1)
8 creatures vanquished.

Notes
Turn   | Place    | Note
-------+----------+-------------------------------------------
     0 | D:1      | Alarkh the Demonspawn Transmuter began the quest for the
                  | Orb.
     0 | D:1      | Reached XP level 1. HP: 15/15 MP: 3/3
    87 | D:1      | Gained mutation: You have a pair of small horns on your
                  | head. [demonic ancestry]
    87 | D:1      | Reached XP level 2. HP: 10/21 MP: 3/5
   102 | D:1      | Reached skill level 3 in Unarmed Combat
   105 | D:1      | HP: 1/21 [giant cockroach (2)]
   111 | D:1      | Slain by a giant cockroach

Illustrated notes

Levels and vault maps discovered:
D:1:      saegor_arrival_fortress, layout_basic,
          shapermc_ecumenical_altar_mp_urbaneastern, kennysheep_minor_cross

Skill      XL: |  1  2 |
---------------+-------+-----
Unarmed Combat | 3 |  3.0
Transmutations | 2 |  2.0
Fighting       | |  1.3
Dodging        | |  1.7
Spellcasting   | |  2.1

Action                   || total
-------------------------++-------
Melee: Unarmed           ||    28
       Headbutt          ||     5
       Kick              ||     5
       Punch             ||     1
 Cast: Beastly Appendage ||     6
Armor: Robe              ||     7
Dodge: Dodged            ||    27

Table legend: (Time is in decaauts)
 A = Elapsed time spent in this place.
 B = Non-inter-level travel time spent in this place.
 C = Inter-level travel time spent in this place.
 D = Time resting spent in this place.
 E = Time spent auto-exploring this place.
 F = Levels seen in this place.
 G = Mean time per level.
                   A        B        C        D        E       F      G
               +--------+--------+--------+--------+--------+-----+--------+
         Total |    109 |    109 |      0 |      0 |     60 |   1 |  109.0 |
       Dungeon |    109 |    109 |      0 |      0 |     60 |   1 |  109.0 |
               +--------+--------+--------+--------+--------+-----+--------+

Top non-repeatable levels by time:
     D:1: 109 daAuts
